 Dungeon Crawl Stone Soup version 0.31-a0-486-g8d68a81214 (webtiles) character file.

Game seed: 4449881958221196155

157684 CraigForest the Phalangite (level 17, -2/166 HPs)
             Began as a Minotaur Fighter on Aug 7, 2023.
             Was the Champion of Qazlal.
             Slain by a demonic crawler (6 damage)
             ... on level 4 of the Spider Nest on Aug 8, 2023.
             The game lasted 01:24:31 (20020 turns).

CraigForest the Phalangite (Minotaur Fighter)      Turns: 20020, Time: 01:24:33

Health: -2/166     AC: 34    Str: 29      XL:     17   Next: 12%
Magic:  16/16      EV: 10    Int:  4 (5)  God:    Qazlal [******]
Gold:   2377       SH: 27    Dex: 10      Spells: 16/16 levels left

rFire   . . .        z - +8 trishula "Condemnation" {holy, anguish, *Noise Fly rN+}
rCold   + + .        K - +0 tower shield
rNeg    + . .        R - +1 storm dragon scales of the Giraffatuar {Fly rElec rC+}
rPois   +            N - +2 hat
rElec   +            d - +2 cloak {Stlth+}
rCorr   .            i - +0 pair of gloves
SInv    .            C - +2 pair of boots
Will    ++...        G - amulet of regeneration Stlth
                     M - ring "Ceuttyre" {rC+ Slay+4}
HPRegen 1.27/turn    S - ring of poison resistance
MPRegen 0.15/turn

%: repel missiles
@: mighty, protected from physical damage, flying
A: horns 2, retaliatory headbutt, iridescent scales 1, strong-willed 1,
electricity resistance
a: Renounce Religion, Upheaval, Elemental Force, Disaster Area


You were on level 4 of the Spider Nest.
You worshipped Qazlal.
Qazlal was exalted by your worship.
You visited 5 branches of the dungeon, and saw 27 of its levels.
You also visited: Bailey and Gauntlet.

You collected 2695 gold pieces.
You spent 318 gold pieces at shops.

Inventory:

Hand Weapons
 p - the +7 trident of Action {drain, rCorr}
   (You found it on level 4 of the Dungeon)

   rCorr:     It protects you from acid and corrosion.
 x - a +2 glaive
 z - the +8 trishula "Condemnation" (weapon) {holy, anguish, *Noise Fly rN+}
   (You found it on level 5 of the Lair of Beasts)

   rN:        It protects you from negative energy.
   Fly:       It grants you flight.
   *Noise:    It may make noises in combat.
Missiles
 f - 26 boomerangs (quivered)
 y - 5 curare-tipped darts
 J - 2 throwing nets
Armour
 c - a +0 cloak of willpower
 d - a +2 cloak of stealth (worn)
 g - a scarf of repulsion
 i - a +0 pair of gloves (worn)
 m - the +7 chain mail of Orieluj {rC- Int+7 Dex+5}
   (You found it on level 2 of the Dungeon)

   Int:       It affects your intelligence (+7).
   Dex:       It affects your dexterity (+5).
   rC:        It makes you vulnerable to cold.
 B - a +4 chain mail of fire resistance
 C - a +2 pair of boots (worn)
 K - a +0 tower shield (worn)
 N - a +2 hat (worn)
 R - the +1 storm dragon scales of the Giraffatuar (worn) {Fly rElec rC+}
   (You found it on level 5 of the Lair of Beasts)

   rC:        It protects you from cold.
   rElec:     It insulates you from electricity.
   Fly:       It grants you flight.
Jewellery
 a - a ring of resist corrosion
 e - a ring of positive energy
 G - an amulet of regeneration (around neck)
 M - the ring "Ceuttyre" (left hand) {rC+ Slay+4}
   (You found it on level 7 of the Dungeon)

   [ring of slaying]

   Slay:      It affects your accuracy & damage with ranged weapons and melee
   (+4).
   rC:        It protects you from cold.
 P - a +6 ring of intelligence
 S - a ring of poison resistance (right hand)
 V - a +6 ring of dexterity
 Y - a ring of protection from cold
Wands
 F - a wand of iceblast (8)
Scrolls
 b - 9 scrolls of teleportation
 h - 9 scrolls of identify
 j - 2 scrolls of enchant weapon
 l - a scroll of butterflies
 r - 3 scrolls of fog
 s - 2 scrolls of revelation
 u - 7 scrolls of immolation
 v - 4 scrolls of blinking
 I - 6 scrolls of poison
 Q - a scroll of enchant armour
 U - 4 scrolls of fear
 W - 3 scrolls of brand weapon
Potions
 k - 11 potions of enlightenment
 n - 9 potions of curing
 o - 8 potions of might
 q - 7 potions of haste
 t - 3 potions of attraction
 w - 5 potions of brilliance
 A - 4 potions of mutation
 D - 5 potions of lignification
 E - 5 potions of heal wounds
 H - 2 potions of resistance
 L - a potion of ambrosia
 O - a potion of invisibility
 T - 4 potions of degeneration
 X - 3 potions of berserk rage
 Z - a potion of magic


   Skills:
 + Level 18.6 Fighting
 + Level 21.1 Polearms
 + Level 2.2 Throwing
 + Level 15.3 Armour
 + Level 7.3 Dodging
 + Level 3.6 Stealth
 + Level 18.0 Shields


You had 16 spell levels left.
You didn't know any spells.
Your spell library contained the following spells:

 Spells                   Type           Power      Damage    Failure   Level
 Apportation              Tloc           0%         N/A       97%         1
 Magic Dart               Conj           0%         1d3       97%         1
 Necrotise                Necr           0%         1d4       97%         1
 Sandblast                Erth           0%         2d4       97%         1
 Slow                     Hex            0%         N/A       97%         1
 Summon Small Mammal      Summ           0%         N/A       97%         1
 Blink                    Tloc           0%         N/A       99%         2
 Call Imp                 Summ           0%         N/A       99%         2
 Lesser Beckoning         Tloc           0%         N/A       99%         2
 Momentum Strike          Conj/Tloc      0%         3d8       99%         2
 Passwall                 Tmut/Erth      0%         N/A       99%         2
 Confusing Touch          Hex            0%         N/A       100%        3
 Frozen Ramparts          Ice            0%         1d1       100%        3
 Gell's Gravitas          Tloc           0%         N/A       100%        3
 Inner Flame              Hex/Fire       0%         N/A       100%        3
 Mephitic Cloud           Conj/Pois/Air  0%         N/A       100%        3
 Stone Arrow              Conj/Erth      0%         3d7       100%        3
 Teleport Other           Tloc           0%         N/A       100%        3
 Vampiric Draining        Necr           0%         2d6       100%        3
 Animate Armour           Summ/Erth      0%         N/A       100%        4
 Animate Dead             Necr           0%         N/A       100%        4
 Flame Wave               Conj/Fire      0%         2d4       100%        4
 Leda's Liquefaction      Hex/Erth       0%         N/A       100%        4
 Petrify                  Tmut/Erth      0%         N/A       100%        4
 Sticky Flame             Conj/Fire      0%         2d3       100%        4
 Alistair's Intoxication  Tmut/Pois      0%         N/A       100%        5
 Lee's Rapid Deconstruct  Erth           0%         3d4*      100%        5
 Metabolic Englaciation   Hex/Ice        0%         N/A       100%        5
 Leda's Unmaking          Conj/Erth      0%         9d1       100%        6
 Haunt                    Necr/Summ      0%         N/A       100%        7
 Infestation              Necr           0%         N/A       100%        8
 Lehudib's Crystal Spear  Conj/Erth      0%         10d2      100%        8
 Chain Lightning          Conj/Air       0%         N/A       100%        9
 Fire Storm               Conj/Fire      0%         5d1       100%        9
 Shatter                  Erth           0%         3d5*      100%        9


Dungeon Overview and Level Annotations

Branches:
Dungeon (15/15)            Temple (1/1) D:4            Lair (5/5) D:10
 Shoals (0/4) Lair:2       Spider (4/4) Lair:2        Slime (0/5) Lair:5
    Orc (2/2) D:11            Elf (0/3) Orc:2        Vaults (0/5) D:14
 Depths (0/4) D:15         Bailey (visited)         Gauntlet (visited)

Altars:
Ashenzari
Cheibriados
Dithmenos
Elyvilon
Fedhas
Gozag
Hepliaklqana
Kikubaaqudgha
Makhleb
Nemelex Xobeh
Okawaru
Qazlal
Ru
Sif Muna
Trog
Uskayaw
Vehumet
Wu Jian
Xom
Yredelemnul
Zin
The Shining One

Shops:
D:1 ?   D:2 *   D:6 *   D:8 !   D:14 (   Orc:2 *([*

Portals:
Trove: D:14 (give +4 fire dragon scales)

Annotations:
D:14 3 runed translucent doors, Uummannaq's ghost, journeyman MiFi


Innate Abilities, Weirdness & Mutations

You have a pair of horns on your head.
You reflexively headbutt those who attack you in melee.
You are partially covered in iridescent scales. (AC +2)
You are strong-willed. (Will+)
You are resistant to electric shocks. (rElec)


Message History

The demonic crawler hits you but does no damage.
The demonic crawler hits you!
* * * LOW HITPOINT WARNING * * *
The demonic crawler hits you.
* * * LOW HITPOINT WARNING * * *
You feel more protected from physical attacks.
The culicivora is healed somewhat.
The jumping spider pounces on you but does no damage.
The jumping spider barely misses you.
The demonic crawler is engulfed in a thunderstorm.
The demonic crawler hits you but does no damage. x2
You block the demonic crawler's attack.
The wolf spider hits you but does no damage.
The wolf spider bites you!
* * * LOW HITPOINT WARNING * * *
An orb spider comes into view.
The demonic crawler closely misses you. You furiously retaliate!
You headbutt the demonic crawler! The demonic crawler hits you!
* * * LOW HITPOINT WARNING * * *
The demonic crawler barely misses you.
You impale the redback!!
You kill the redback!
Qazlal accepts your kill.
The jumping spider leaps! x2; You block the redback's attack.
You block the jumping spider's attack.
The jumping spider bites you but does no damage.
The tarantella is engulfed in freezing vapours.
The meliai mumbles some strange prayers to its god against you.
Something smites you!
* * * LOW HITPOINT WARNING * * *
The wolf spider hits you.
* * * LOW HITPOINT WARNING * * *
The wolf spider bites you but does no damage.
The demonic crawler hits you but does no damage.
You block the demonic crawler's attack.
The demonic crawler hits you but does no damage.
The demonic crawler hits you.
* * * LOW HITPOINT WARNING * * *
The demonic crawler hits you.
You die...

.....#....[..# .
#s...........
..#...........##
$..............#
.....s○s......#
.#..s#ss☼#....#
s#.#s#sss§s...#
.....ys@s.....##
...#.s#"#<.....#
....○.§.#...#.##
......§....##
.....s......#
......#...###
.^.§##...## ....
##### ##


You could see 2 demonic crawlers, a wolf spider, 5 orb spiders, a culicivora, 3
jumping spiders, 2 tarantellas, a redback and a meliai.

Vanquished Creatures
  Arachne (Spider:3)
  Rupert (Lair:3)
  Jorgrun (D:13)
  Mlioglotl (Spider:4)
  Frances (Spider:1)
  Roxanne (Spider:3)
  Louise (Spider:1)
  4 ghost moths
  A caustic shrike zombie (D:15)
  The ghost of Beumoczol the Fetichist, a journeyman KoDe of Trog (Spider:1)
  Azrael (D:15)
  2 spark wasps (Spider:2)
  A minotaur (Gauntlet)
  Josephine (D:10)
  6 entropy weavers
  An entropy weaver (shapeshifter) (D:14)
  Fannar (Lair:2)
  5 hydras
  4 vault guards (D:14)
  5 centaur warriors
  5 jorogumos (Spider:1)
  3 catoblepae
  A death knight (D:14)
  2 radroaches (Spider:1)
  5 boulder beetles
  A tengu warrior (D:14)
  4 two-headed ogres
  2 death yaks (Lair:3)
  3 orc high priests (Orc:2)
  3 demonic crawlers
  Amaemon (Lair:3)
  4 skysharks
  A titan skeleton (D:15)
  2 goliath frogs (Lair:5)
  2 skeletal warriors (D:15)
  6 orb spiders
  A death drake (shapeshifter) (D:14)
  A death drake (Gauntlet)
  4 pharaoh ants
  2 glowing orange brains (D:14)
  A lindwurm (Lair:5)
  A phantasmal warrior (D:15)
  3 steelbarb worms
  4 orc knights
  An oklob plant (Lair:5)
  A necromancer (D:15)
  19 wolf spiders
  4 orc sorcerers (Orc:2)
  10 ugly things
  2 deep elf pyromancers
  2 spectral centaurs (Gauntlet)
  A stone giant zombie (D:15)
  3 cyclopes
  27 elephants
  Joseph (D:8)
  3 moths of wrath
  A centaur zombie (Gauntlet)
  2 gargoyles
  3 torpor snails
  7 black mambas
  An orange demon (Lair:3)
  15 cane toads
  2 kobold demonologists (D:14)
  5 rime drakes
  8 yaktaurs (D:15)
  An efreet (D:15)
  2 tengu conjurers
  8 komodo dragons
  A spriggan skeleton (D:15)
  A polar bear (shapeshifter) (D:14)
  6 polar bears
  2 tyrant leeches (Lair:5)
  7 trolls
  Grinder (D:5)
  21 tarantellas
  13 blink frogs (Lair:5)
  10 culicivoras
  10 slime creatures
  9 shadows
  30 jumping spiders
  A water elemental (D:11)
  A spriggan (Lair:3)
  A vampire (D:8)
  6 basilisks
  10 wraiths
  47 yaks
  4 fire elementals (D:15)
  50 redbacks
  2 wyverns
  Grum (Lair:1)
  2 steam dragons
  15 vampire mosquitoes
  13 water moccasins
  A warg (D:11)
  2 hell hounds (D:15)
  A spectral hornet (Gauntlet)
  27 orc warriors
  2 ice beasts (D:7)
  The ghost of KarmaticGoose the Firebug, an amateur OgFE (D:3)
  2 black bears
  20 wolves
  8 ogres
  7 centaurs
  A phantom (D:3)
  2 kobold brigands (D:9)
  Blork the orc (D:4)
  13 bullfrogs
  2 scorpions
  4 gnoll sergeants
  3 killer bees (D:9)
  A howler monkey (D:11)
  10 electric eels
  A howler monkey (shapeshifter) (D:14)
  6 jellies
  4 hounds
  A gnoll bouda (D:6)
  15 orc priests
  A sleepcap (D:7)
  4 iguanas
  16 orc wizards
  14 adders
  21 gnolls
  2 shadow imps
  2 white imps
  2 ufetubi
  2 worms
  A dart slug (D:4)
  61 orcs
  13 endoplasms
  A giant cockroach (D:1)
  13 goblins
  4 hobgoblins
  4 jackals (D:4)
  2 quokkas
  8 ball pythons
  6 bats
  3 frilled lizards
  35 kobolds
  6 rats
851 creatures vanquished.

Vanquished Creatures (others)
  A sun moth (Spider:2)
  An orb spider (Spider:3)
  An orc knight (Orc:2)
  A tarantella (Spider:2)
  A redback (Spider:3)
5 creatures vanquished.

Grand Total: 856 creatures vanquished

Notes
Turn   | Place    | Note
-------+----------+-------------------------------------------
     0 | D:1      | CraigForest the Minotaur Fighter began the quest for the
                  | Orb.
     0 | D:1      | Reached XP level 1. HP: 19/19 MP: 0/0
   120 | D:1      | Found The Oracle's Delphic Readings.
   402 | D:1      | Reached XP level 2. HP: 27/27 MP: 1/1
   809 | D:2      | Found Ahaffozo's Assorted Antiques.
   925 | D:2      | Reached skill level 3 in Polearms
   925 | D:2      | Reached XP level 3. HP: 30/33 MP: 2/2
  1044 | D:2      | Found a stormy altar of Qazlal.
  1049 | D:2      | Became a worshipper of Qazlal Stormbringer
  1056 | D:2      | Identified the +7 chain mail of Orieluj {rC- Int+7 Dex+5}
  1113 | D:1      | Bought a scroll of identify for 22 gold pieces
  1113 | D:1      | Bought a scroll of identify for 22 gold pieces
  1147 | D:2      | Bought a cyan potion for 25 gold pieces
  1148 | D:2      | Gained mutation: Your spells are a little easier to cast,
                  | but a little less powerful. [potion of mutation]
  1148 | D:2      | Gained mutation: You are resistant to electric shocks.
                  | (rElec) [potion of mutation]
  1148 | D:2      | Gained mutation: Your mind is acute. (Int +4, Str/Dex -1)
                  | [potion of mutation]
  1355 | D:3      | You fall into a shaft and drop 2 floors!
  1355 | D:5      | Entered Level 5 of the Dungeon
  1377 | D:5      | Reached XP level 4. HP: 40/40 MP: 3/3
  1476 | D:4      | Reached skill level 4 in Polearms
  1476 | D:4      | Reached XP level 5. HP: 47/47 MP: 4/4
  1497 | D:4      | Identified the +7 trident of Action {drain, rCorr}
  1696 | D:2      | Bought a scroll labelled ZAENUIQ ROGRY for 28 gold pieces
  1696 | D:2      | Bought a scroll labelled JEUXTITUFE for 28 gold pieces
  1696 | D:2      | Bought a purple potion for 25 gold pieces
  1716 | D:3      | Found a runed translucent gate.
  1716 | D:3      | Found a runed translucent gate.
  1716 | D:3      | Found a runed translucent gate.
  1722 | D:3      | Noticed KarmaticGoose's ghost (amateur OgFE)
  1726 | D:3      | Identified the +7 dagger of Midwinter {flame, Dex+3}
  1821 | D:3      | Reached skill level 1 in Dodging
  1849 | D:3      | Reached skill level 5 in Armour
  1938 | D:3      | Noticed a phantom
  1944 | D:3      | Killed a phantom
  1974 | D:3      | Reached skill level 5 in Polearms
  1974 | D:3      | Reached XP level 6. HP: 46/53 MP: 5/5
  1979 | D:3      | Reached * piety under Qazlal
  2324 | D:3      | Killed KarmaticGoose's ghost
  2325 | D:3      | Reached skill level 6 in Polearms
  2403 | D:4      | Noticed Blork the orc
  2412 | D:4      | Killed Blork the orc
  2413 | D:4      | Reached skill level 5 in Fighting
  2413 | D:4      | Reached XP level 7. HP: 36/61 MP: 6/6
  2518 | D:4      | Reached skill level 7 in Polearms
  2814 | D:4      | Found a staircase to the Ecumenical Temple.
  2825 | Temple   | Entered the Ecumenical Temple
  2930 | D:5      | Reached ** piety under Qazlal
  2960 | D:5      | Noticed Grinder
  2970 | D:5      | Paralysed by Grinder for 4 turns
  2975 | D:5      | Killed Grinder
  2976 | D:5      | Reached skill level 8 in Polearms
  3045 | D:5      | Reached XP level 8. HP: 64/70 MP: 7/7
  3049 | D:5      | Lost mutation: Your spells are a little easier to cast, but
                  | a little less powerful. [potion of mutation]
  3049 | D:5      | Lost mutation: Your mind is acute. (Int +4, Str/Dex -1)
                  | [potion of mutation]
  3049 | D:5      | Gained mutation: You are partially covered in iridescent
                  | scales. (AC +2) [potion of mutation]
  3049 | D:5      | Gained mutation: You are strong-willed. (Will+) [potion of
                  | mutation]
  3154 | D:5      | Reached skill level 9 in Polearms
  3219 | D:5      | Found a hazy altar of Hepliaklqana.
  3358 | D:6      | Reached skill level 10 in Polearms
  3445 | D:6      | Found Zeelics's Assorted Antiques.
  3453 | D:6      | Bought a steel ring for 120 gold pieces
  3454 | D:6      | Bought a scroll of identify for 48 gold pieces
  3587 | D:6      | Noticed a two-headed ogre
  3592 | D:6      | Killed a two-headed ogre
  3593 | D:6      | Reached skill level 11 in Polearms
  3593 | D:6      | Reached skill level 5 in Shields
  3593 | D:6      | Reached XP level 9. HP: 75/78 MP: 8/8
  3675 | D:6      | Found a snail-covered altar of Cheibriados.
  4109 | D:7      | Reached *** piety under Qazlal
  4110 | D:7      | Reached skill level 12 in Polearms
  4400 | D:7      | Identified the ring "Ceuttyre" {rC+ Slay+4}
  4556 | D:8      | Found Honnai Faxo's Distillery.
  4814 | D:8      | Noticed Joseph
  4828 | D:8      | Killed Joseph
  4830 | D:8      | Reached skill level 13 in Polearms
  4841 | D:8      | Found a sacrificial altar of Ru.
  4912 | D:8      | Found a flagged portal.
  4950 | Bailey   | Entered a bailey
  5066 | Bailey   | Reached **** piety under Qazlal
  5145 | Bailey   | Reached XP level 10. HP: 86/86 MP: 9/9
  5487 | D:8      | Found a blossoming altar of Fedhas.
  5720 | D:9      | Found an ancient bone altar of Kikubaaqudgha.
  5725 | D:9      | Reached skill level 1 in Throwing
  5757 | D:9      | Reached skill level 14 in Polearms
  5776 | D:9      | Found a shadowy altar of Dithmenos.
  6198 | D:9      | Found a white marble altar of Elyvilon.
  6353 | D:10     | Entered Level 10 of the Dungeon
  6378 | D:10     | Reached XP level 11. HP: 86/95 MP: 10/10
  6450 | D:10     | Reached ***** piety under Qazlal
  6469 | D:10     | Reached skill level 15 in Polearms
  6490 | D:10     | Found a staircase to the Lair.
  6921 | D:10     | Noticed Josephine
  6924 | D:10     | Noticed a two-headed ogre
  6931 | D:10     | Killed Josephine
  6947 | D:10     | Killed a two-headed ogre
  6948 | D:10     | Reached skill level 1 in Stealth
  7332 | D:11     | Found a staircase to the Orcish Mines.
  7355 | D:11     | Reached skill level 10 in Armour
  7387 | D:11     | Reached skill level 16 in Polearms
  7744 | D:11     | Reached skill level 10 in Fighting
  8293 | D:12     | Noticed a two-headed ogre
  8296 | D:12     | Killed a two-headed ogre
  8329 | D:12     | Found a gate leading to a gauntlet.
  8348 | Gauntlet | Entered a Gauntlet
  8348 | Gauntlet | Noticed a death drake
  8348 | Gauntlet | Found a transporter.
  8348 | Gauntlet | Found a transporter.
  8348 | Gauntlet | Found a transporter.
  8365 | Gauntlet | Found a transporter.
  8371 | Gauntlet | Noticed a wizard
  8375 | Gauntlet | Found a transporter.
  8393 | Gauntlet | Found a transporter.
  8394 | Gauntlet | Found a large runed translucent door.
  8395 | Gauntlet | Found a large runed translucent door.
  8396 | Gauntlet | Found a large runed translucent door.
  8396 | Gauntlet | Found a large runed translucent door.
  8396 | Gauntlet | Found a runed translucent door.
  8397 | Gauntlet | Found a large runed translucent door.
  8398 | Gauntlet | Found a large runed translucent door.
  8399 | Gauntlet | Found a large runed translucent door.
  8399 | Gauntlet | Found a large runed translucent door.
  8400 | Gauntlet | Found a runed translucent gate.
  8400 | Gauntlet | Found a runed translucent gate.
  8400 | Gauntlet | Noticed a necromancer
  8402 | Gauntlet | Found a transporter.
  8409 | Gauntlet | Found a runed translucent gate.
  8409 | Gauntlet | Found a runed translucent door.
  8411 | Gauntlet | Found a large runed translucent door.
  8411 | Gauntlet | Found a large runed translucent door.
  8412 | Gauntlet | Found a large runed translucent door.
  8413 | Gauntlet | Found a large runed translucent door.
  8417 | Gauntlet | Found a transporter.
  8419 | Gauntlet | Noticed a fire crab
  8423 | Gauntlet | Found a transporter.
  8444 | Gauntlet | Found a transporter.
  8455 | Gauntlet | Found a large runed translucent door.
  8456 | Gauntlet | Found a large runed translucent door.
  8457 | Gauntlet | Found a large runed translucent door.
  8457 | Gauntlet | Found a large runed translucent door.
  8471 | Gauntlet | Found a transporter.
  8546 | Gauntlet | Killed a death drake
  8549 | Gauntlet | Reached XP level 12. HP: 101/107 MP: 11/11
  8585 | Gauntlet | Found a transporter.
  8699 | Gauntlet | Noticed a minotaur
  8712 | Gauntlet | Killed a minotaur
  8719 | Gauntlet | Identified the +5 dagger "Akumia" {drain, rPois rC+ rCorr
                  | Str+3}
  8764 | D:12     | Noticed a two-headed ogre
  8773 | D:12     | Killed a two-headed ogre
  9233 | D:13     | Noticed a boulder beetle
  9241 | D:13     | Killed a boulder beetle
  9676 | D:13     | Found a stormy altar of Qazlal.
  9705 | D:13     | Noticed a centaur warrior
  9713 | D:13     | Killed a centaur warrior
  9723 | D:13     | Noticed Jorgrun
  9729 | D:13     | Killed Jorgrun
  9730 | D:13     | Reached skill level 10 in Shields
 10003 | D:14     | Noticed a seven-headed hydra
 10007 | D:14     | Killed a seven-headed hydra
 10078 | D:14     | Reached ****** piety under Qazlal
 10097 | D:14     | Noticed a centaur warrior
 10102 | D:14     | Killed a centaur warrior
 10151 | D:14     | Found a runed translucent gate.
 10152 | D:14     | Found a runed translucent gate.
 10152 | D:14     | Found a runed translucent gate.
 10170 | D:14     | Noticed a death knight
 10170 | D:14     | Noticed a vault guard
 10170 | D:14     | Noticed a vault guard
 10170 | D:14     | Noticed a boulder beetle
 10171 | D:14     | Found a gate to the Vaults.
 10172 | D:14     | Noticed a vault guard
 10174 | D:14     | Noticed a seven-headed hydra
 10178 | D:14     | Killed a vault guard
 10179 | D:14     | Reached XP level 13. HP: 118/118 MP: 12/12
 10186 | D:14     | Reached skill level 17 in Polearms
 10252 | D:14     | Noticed a quicksilver ooze
 10340 | D:14     | Found a radiant altar of Vehumet.
 10364 | D:14     | Found Loeff's Weapon Emporium.
 10422 | D:14     | Found a portal to a secret trove of treasure.
 10952 | D:14     | Found a runed translucent gate.
 10952 | D:14     | Found a runed translucent gate.
 10958 | D:14     | Noticed a tentacled monstrosity
 10959 | D:14     | Noticed Uummannaq's ghost (journeyman MiFi)
 10960 | D:14     | Found a runed translucent gate.
 10960 | D:14     | Noticed a cacodemon
 11047 | D:15     | Entered Level 15 of the Dungeon
 11106 | D:15     | Reached skill level 18 in Polearms
 11124 | D:15     | Found a staircase to the Depths.
 11160 | D:15     | Reached XP level 14. HP: 75/132 MP: 13/13
 11551 | D:15     | Noticed Azrael
 11584 | D:15     | Killed Azrael
 11585 | D:15     | Reached skill level 5 in Dodging
 11671 | D:15     | Found an ornate altar of the Wu Jian Council.
 11724 | D:15     | Found a shimmering altar of Xom.
 11988 | Lair:1   | Entered Level 1 of the Lair of Beasts
 12067 | Lair:1   | Noticed Grum
 12079 | Lair:1   | Killed Grum
 12646 | Lair:2   | Noticed Fannar
 12656 | Lair:2   | Killed Fannar
 12657 | Lair:2   | Reached skill level 15 in Fighting
 12718 | Lair:2   | Found a staircase to the Shoals.
 13085 | Lair:2   | Found a hole to the Spider Nest.
 13230 | Lair:3   | Noticed Amaemon
 13230 | Lair:3   | Noticed Rupert
 13256 | Lair:3   | Killed Rupert
 13264 | Lair:3   | Killed Amaemon
 13748 | Lair:3   | Found a bloodstained altar of Trog.
 14021 | Lair:4   | Reached skill level 19 in Polearms
 14215 | Lair:4   | Reached XP level 15. HP: 143/143 MP: 14/14
 14873 | Lair:5   | Entered Level 5 of the Lair of Beasts
 15359 | Lair:5   | Reached skill level 15 in Shields
 15517 | Lair:5   | Found the +8 trishula "Condemnation" {holy, anguish, *Noise
                  | Fly rN+}
 15588 | Lair:5   | Identified the +1 storm dragon scales of the Giraffatuar
                  | {Fly rElec rC+}
 15709 | Lair:5   | Found a staircase to the Slime Pits.
 16014 | Orc:1    | Entered Level 1 of the Orcish Mines
 16510 | Orc:2    | Entered Level 2 of the Orcish Mines
 16537 | Orc:2    | Found a staircase to the Elven Halls.
 16654 | Orc:2    | Found Quet's Assorted Antiques.
 16654 | Orc:2    | Found Huukipn's Antique Armour Emporium.
 16657 | Orc:2    | Found Wizxosau's Weapon Shop.
 16657 | Orc:2    | Found Udowish's Assorted Antiques.
 17060 | Spider:1 | Entered Level 1 of the Spider Nest
 17084 | Spider:1 | Reached skill level 20 in Polearms
 17349 | Spider:1 | Reached XP level 16. HP: 143/155 MP: 15/15
 17498 | Spider:1 | Noticed Frances
 17508 | Spider:1 | Killed Frances
 17522 | Spider:1 | Found a runed translucent gate.
 17522 | Spider:1 | Found a runed translucent gate.
 17523 | Spider:1 | Found a runed translucent gate.
 17523 | Spider:1 | Noticed Beumoczol's ghost (journeyman KoDe)
 17552 | Spider:1 | Killed Beumoczol's ghost
 17561 | Spider:1 | Noticed Louise
 17585 | Spider:1 | Killed Louise
 17678 | Spider:1 | Identified the +10 flail of the Omega Point {holy, Dex+2}
 18190 | Spider:2 | Reached skill level 15 in Armour
 18955 | Spider:3 | Noticed Roxanne
 18969 | Spider:3 | Killed Roxanne
 19048 | Spider:3 | Noticed Arachne
 19067 | Spider:3 | Killed Arachne
 19759 | Spider:3 | Reached skill level 21 in Polearms
 19763 | Spider:3 | Reached XP level 17. HP: 166/166 MP: 16/16
 19995 | Spider:4 | Entered Level 4 of the Spider Nest
 20004 | Spider:4 | Noticed Mlioglotl
 20014 | Spider:4 | Noticed a Hell Sentinel
 20017 | Spider:4 | Killed Mlioglotl
 20020 | Spider:4 | HP: 4/166 [demonic crawler (6)]
 20020 | Spider:4 | Slain by a demonic crawler

Illustrated notes

Levels and vault maps discovered:
D:1:      ncdulo_watergridlock, layout_basic, nicolae_nh_oracle_at_delphi
D:2:      layout_rooms, basic_altar, serial_shops, shop
D:3:      cheibrodos_fertilizer, layout_loops_ring, biasface_ghost_orc_armoury
D:4:      layout_rooms, minmay_temple_entry_statues_fountains,
          nicolae_the_louvre, uniq_blork_the_orc
D:5:      layout_rooms, lemuel_round_altar, uniq_grinder
D:6:      layout_basic, cheibrodos_worm_habitat, serial_shops, shop,
          hangedman_abyss_or_decor_passed
D:7:      layout_basic, kennysheep_nondescript
D:8:      layout_basic, mainiacjoe_overflow_cross_hatched, hangedman_ru_absence,
          serial_shops, nicolae_shop_back_alley_shop, enter_bailey_5,
          uniq_joseph
D:9:      layout_loops_ring, mainiacjoe_overflow_concentric_impassable,
          mainiacjoe_overflow_catch_the_wave
D:10:     layout_loops_ring, lair_entry_dummy, chequers_mini_garden,
          uniq_josephine
D:11:     layout_stronghold, david_orc_1_choice, chequers_big_river,
          palyth_stone_intersect
D:12:     layout_roguey, gauntlet_entry_generic
D:13:     layout_basic, nicolae_qazlal_scattered_showers, uniq_jorgrun
D:14:     layout_roguey, lightli_vaults_fourway_checkpoint, serial_shops,
          nicolae_shop_real_fake_doors,
          ploomutoo_gammafunk_ghost_potion_laboratory, enter_trove_2,
          fiery_altar_vehumet
D:15:     gammafunk_depths_entry_grave, layout_basic,
          nicolae_wu_jian_immortal_techniques, tgw_xom, uniq_azrael
Temple:   eino_wide_crystal_templ
Lair:1:   layout_long_grid, patterned_corridor, uniq_grum
Lair:2:   layout_chaotic_city, elwin_shoals_entry_rocks, dummy_spider_entry,
          uniq_fannar
Lair:3:   layout_hall_layers, basic_altar, nicolae_quartered_pool_medium,
          grunt_forest_stairs_clearing, grunt_megastairs_4,
          infiniplex_staircase_pool_2, serial_bayou_shore_a, uniq_amaemon,
          uniq_rupert
Lair:4:   layout_regular_city, cheibrodos_lair_lostbears, lemuel_fruit_fields,
          grunt_megastairs_3
Lair:5:   minmay_lair_end_frog_pond, layout_gridlike, slime_entry_1,
          minmay_lair_oklob_items
Spider:1: layout_cave_pods, ebering_ghost_rock_garden,
          nicolae_spider_world_wide_web, uniq_frances, uniq_louise
Spider:2: layout_cave_pods
Spider:3: layout_spider_delve, nicolae_spider_moth_buddies, uniq_roxanne,
          uniq_arachne
Spider:4: grunt_spider_rune_island, uniq_mlioglotl
Orc:1:    layout_caves, nicolae_orc_lost_temple
Orc:2:    st_orc_elflike, layout_caves, serial_shops,
          nicolae_shop_tiny_waterfront

Skill      XL: |  1  2  3  4  5  6  7  8  9 10 11 12 13 14 15 16 17 |
---------------+----------------------------------------------------+-----
Armour         | 4 5 6 7 8 10 12 13 14 15 | 15.3
Fighting       | 4 5 6 7 8 10 12 14 15 17 18 | 18.6
Shields        | 4 5 7 9 10 12 13 15 17 18 | 18.0
Polearms       | 3 4 5 6 8 11 13 14 16 18 19 20 21 | 21.1
Dodging        | 1 2 3 4 6 7 |  7.3
Throwing       | 2 |  2.2
Stealth        | 1 2 3 |  3.6

Action                     |  1- 3 |  4- 6 |  7- 9 | 10-12 | 13-15 | 16-18 || total
---------------------------+-------+-------+-------+-------+-------+-------++-------
  Melee: Trident           |    70 |   108 |   228 |   520 |   918 |       ||  1844
         Headbutt          |     7 |    14 |    30 |    94 |   248 |    61 ||   454
         Trishula          |       |       |       |       |   206 |   464 ||   670
  Throw: Boomerang         |       |       |     6 |     2 |       |       ||     8
    Use: Scroll            |     3 |     2 |     4 |    14 |     3 |       ||    26
         Potion            |     1 |       |     1 |       |     1 |     5 ||     8
   Stab: Petrified         |       |       |       |       |     4 |       ||     4
         Petrifying        |       |       |       |       |     3 |       ||     3
 Armour: Scale mail        |    14 |       |       |       |       |       ||    14
         Chain mail        |    13 |    34 |    53 |   103 |   228 |       ||   431
         Storm dragon scal |       |       |       |       |    50 |   200 ||   250
  Dodge: Dodged            |    21 |    29 |    39 |    96 |   207 |   111 ||   503
         Repelled          |       |       |     1 |       |     3 |     6 ||    10
  Block: Buckler           |     6 |    13 |    58 |   133 |   436 |    12 ||   658
         Tower shield      |       |       |       |       |       |   460 ||   460

Table legend: (Time is in decaauts)
 A = Elapsed time spent in this place.
 B = Non-inter-level travel time spent in this place.
 C = Inter-level travel time spent in this place.
 D = Time resting spent in this place.
 E = Time spent auto-exploring this place.
 F = Levels seen in this place.
 G = Mean time per level.
                   A        B        C        D        E       F      G
               +--------+--------+--------+--------+--------+-----+--------+
         Total |  19317 |  17931 |   1386 |    205 |  13111 |  29 |  666.1 |
       Dungeon |  11100 |  10199 |    901 |    200 |   7668 |  15 |  740.0 |
        Temple |      1 |      1 |      0 |      0 |      0 |   1 |    1.0 |
          Lair |   3849 |   3560 |    289 |      0 |   2784 |   5 |  769.8 |
   Spider Nest |   2800 |   2651 |    149 |      5 |   1917 |   4 |  700.0 |
  Orcish Mines |    881 |    835 |     46 |      0 |    539 |   2 |  440.5 |
        Bailey |    323 |    323 |      0 |      0 |    154 |   1 |  323.0 |
      Gauntlet |    359 |    359 |      0 |      0 |     48 |   1 |  359.0 |
               +--------+--------+--------+--------+--------+-----+--------+

Top non-repeatable levels by time:
    D:11: 1197 daAuts
Spider:3: 1053 daAuts
Spider:1: 1020 daAuts
    D:14: 988 daAuts
     D:3: 915 daAuts
  Lair:5: 904 daAuts
  Lair:4: 861 daAuts
     D:8: 861 daAuts
    D:10: 813 daAuts
    D:13: 770 daAuts
  Lair:3: 768 daAuts
    D:15: 754 daAuts
     D:6: 752 daAuts
     D:1: 742 daAuts
Spider:2: 708 daAuts
